 Dungeon Crawl Stone Soup version 0.17-a0-2108-g65e8068 (webtiles) character file.

333 Arkorax the Skirmisher (level 6, -1/53 HPs)
             Began as a Formicid Fighter on Oct 19, 2015.
             Slain by an iguana (11 damage)
             ... on level 4 of the Dungeon.
             The game lasted 00:07:16 (2572 turns).

Arkorax the Skirmisher (Formicid Fighter)           Turns: 2572, Time: 00:07:17

Health: -1/53      AC:  6    Str: 22    XL:     6   Next: 82%
Magic:  6/6        EV:  8    Int:  8    God:
Gold:   92         SH: 10    Dex: 10    Spells: 0 memorised, 5 levels left

rFire  . . .     SeeInvis +     a - +0 war axe
rCold  . . .     Clarity  .     b - +0 scale mail
rNeg   . . .     SustAt   .     c - +0 shield
rPois  .         Gourm    .     (helmet unavailable)
rElec  .         Spirit   .     (no cloak)
rCorr  .         Warding  .     (no gloves)
rMut   .         Stasis   +     (no boots)
MR     .....                    (no amulet)
Stlth  ..........               (no ring)
                                (no ring)

@: not resistant to hostile enchantments, extremely unstealthy
A: permanent stasis, dig shafts and tunnels, four strong arms, antennae 3
a: Dig, Shaft Self


You were on level 4 of the Dungeon.
You were not hungry.

You visited 1 branch of the dungeon, and saw 4 of its levels.

You collected 92 gold pieces.

Inventory:

Hand Weapons
 a - a +0 war axe (weapon)
Armour
 b - a +0 scale mail (worn)
 c - a +0 shield (worn)
Jewellery
 v - an uncursed ring of fire {unknown}
Wands
 u - a wand of confusion (16)
Scrolls
 g - 4 scrolls of remove curse {unknown}
 i - 2 scrolls of noise {unknown}
 l - 4 scrolls of identify {unknown}
 m - 4 scrolls of teleportation {unknown}
 n - a scroll of recharging {unknown}
 t - a scroll of fear {unknown}
 w - a scroll of blinking {unknown}
Potions
 d - a potion of might
 f - a potion of curing {unknown}
 h - a potion of invisibility {unknown}
 j - a potion of ambrosia {unknown}
 o - a potion of agility {unknown}
 s - a potion of poison {unknown}
 x - 2 potions of cancellation {unknown}
Books
 q - a Fen Folio

   Spells                             Type                      Level
   a - Corpse Rot                     Necromancy                   2
   b - Stone Arrow                    Conjuration/Earth            3
   c - Leda's Liquefaction            Hexes/Earth                  4
   d - Summon Forest                  Summoning/Translocation      5
   e - Hydra Form                     Transmutation                6
   f - Summon Hydra                   Summoning                    7
Comestibles
 e - 3 bread rations
 k - 2 slices of pizza
 p - 2 beef jerkies
 r - 3 fruits
 z - a meat ration


   Skills:
 + Level 6.5 Fighting
 * Level 2.0 Axes
 - Level 3.2 Armour
 - Level 0.3 Dodging
 + Level 5.7 Shields


You had 5 spell levels left.
You didn't know any spells.

Dungeon Overview and Level Annotations

Branches:
Dungeon (4/15)
 Temple: D:4-7

Altars:
Dithmenos
Nemelex Xobeh
Sif Muna


Innate Abilities, Weirdness & Mutations

You are under a permanent stasis effect.
You can dig through walls and to a lower floor.
Your four strong arms can wield two-handed weapons with a shield.
You have a pair of large antennae on your head (SInv).


Message History

You slash the plant!
The plant is heavily damaged.
The iguana closely misses you.
You hit the iguana but do no damage.
The iguana is moderately wounded.
You slash the plant!
The plant is moderately damaged.
You hit the plant.
The plant is severely damaged.
The iguana closely misses you. The iguana bites you.
* * * LOW HITPOINT WARNING * * *
Unknown command.
You closely miss the iguana.
The iguana is moderately wounded.
You hit the plant.
The plant is severely damaged.
You hit the plant.
The plant is moderately damaged.
The iguana bites you!
You die...

####..#.# # #.# ........# #.
#.# ####..#.##### #.####.#
..........##.#####.#.....#
####..#.#.##P.P#..###.########
#..#.#.#P.P.##..#.#........
#..#<#.#.P..##.#..#.#######
#......#.P†l##.#..#<#
#(.....#(.P@$...(...#
######.###.P.>....### ###
#######.## #... #####


You could see an iguana.

Vanquished Creatures
  A phantom (D:4)
  A scorpion (D:2)
  An orc wizard (D:3)
  A worker ant (D:4)
  2 gnolls (D:3)
  5 adders
  2 worms
  7 giant geckos
  7 orcs
  2 ball pythons (D:3)
  6 hobgoblins
  5 jackals
  A quokka (D:4)
  6 bats
  3 giant cockroaches
  6 giant newts
  8 goblins
  5 kobolds
  7 rats
76 creatures vanquished.

Notes
Turn   | Place    | Note
--------------------------------------------------------------
     0 | D:1      | Arkorax the Formicid Fighter began the quest for the Orb.
     0 | D:1      | Reached XP level 1. HP: 18/18 MP: 1/1
   163 | D:1      | Reached XP level 2. HP: 23/25 MP: 2/2
   464 | D:2      | Reached skill level 4 in Fighting
   480 | D:2      | Reached XP level 3. HP: 22/31 MP: 3/3
   650 | D:2      | Found a sparkling altar of Nemelex Xobeh.
   996 | D:2      | Found a shadowy altar of Dithmenos.
  1200 | D:2      | Reached XP level 4. HP: 35/38 MP: 4/4
  1389 | D:3      | Found a deep blue altar of Sif Muna.
  1512 | D:2      | Reached skill level 5 in Fighting
  1641 | D:2      | Reached XP level 5. HP: 11/44 MP: 5/5
  1656 | D:2      | HP: 2/44 [poisoned by a scorpion]
  2008 | D:3      | Reached skill level 5 in Shields
  2081 | D:3      | Reached XP level 6. HP: 45/52 MP: 6/6
  2201 | D:3      | Reached skill level 6 in Fighting
  2245 | D:3      | Noticed an ogre
  2572 | D:4      | Slain by an iguana

Vault maps used:
D:1:      dpeg_arrival_round_b, due_unseen_surprise
D:2:      nicolae_dithmenos_through_a_glass_darkly,
          lemuel_coloured_pillars_altar, kennysheep_generic_room_9
D:3:      lemuel_castle_with_subvaults, lemuel_round_altar
D:4:      minmay_lizard_king

Action                   |  1- 3 |  4- 6 || total
-------------------------+-------+-------++-------
Melee: War axe           |    80 |   188 ||   268
  Eat: Chunk             |     1 |     3 ||     4
       Fruit             |       |     2 ||     2
